 Dungeon Crawl Stone Soup version 0.29.0-4-gdea44cf6ec (webtiles) character file.

Game seed: 14769663347261667266

4 qw the Chopper (level 1, -1/12 HPs)
             Began as a Tengu Warper on Aug 28, 2022.
             Killed from afar by a dart slug (4 damage)
             ... with a slug dart
             ... on level 1 of the Dungeon.
             The game lasted 00:00:00 (193 turns).

qw the Chopper (Tengu Warper)                        Turns: 193, Time: 00:00:01

Health: -1/12      AC:  3    Str: 11    XL:     1   Next: 70%
Magic:  4/4        EV: 11    Int: 13    God:
Gold:   0          SH:  0    Dex: 13    Spells: 4/4 levels left

rFire   . . .      SeeInvis .   a - +0 hand axe
rCold   . . .      Faith    .   (no shield)
rNeg    . . .      Spirit   .   b - +0 leather armour
rPois   .          Reflect  .   (helmet restricted)
rElec   .          Harm     .   (no cloak)
rCorr   .          Rampage  .   (no gloves)
Will    .....                   (boots unavailable)
Stlth   +.........              (no amulet)
HPRegen 0.04/turn               (no ring)
MPRegen 0.09/turn               (no ring)

@: very slow
A: beak, talons 3
a: no special abilities


You were on level 1 of the Dungeon.
You visited 1 branch of the dungeon, and saw 1 of its levels.


Innate Abilities, Weirdness & Mutations

You have a beak for a mouth.
You have claws for feet.


   Skills:
 - Level 2.0 Fighting
 + Level 2.7 Axes
 - Level 1.0 Throwing
 - Level 1.1 Armour
 - Level 2.1 Dodging
 - Level 2.0 Spellcasting
 - Level 2.4 Translocations


You had 4 spell levels left.
You didn't know any spells.
Your spell library contained the following spells:

 Spells                   Type           Power      Damage    Failure   Level
 Blink                    Tloc           14%        N/A       19%         2
 Gell's Gravitas          Tloc           7%         N/A       36%         3
 Lesser Beckoning         Tloc           7%         N/A       36%         3
 Teleport Other           Tloc           7%         N/A       36%         3
 Manifold Assault         Tloc           7%         N/A       98%         5

Inventory:

Hand Weapons
 a - a +0 hand axe (weapon)
Missiles
 d - a boomerang of dispersal (quivered)
Armour
 b - a +0 leather armour (worn)
Scrolls
 c - a scroll of blinking
Potions
 e - a potion of mutation {unknown}

Dungeon Overview and Level Annotations

Branches:
Dungeon (1/15)

Altars:


Message History

The bat is moderately wounded.
The bat closely misses you.
Throw: 3 boomerangs (disperse)
Press: ? - help, Q - select action Shift-Dir - straight line, f/p - bat You throw a boomerang of dispersal.
The boomerang of dispersal hits the bat.
The bat blinks!
You kill the bat!
A quokka comes into view.
Throw: 2 boomerangs (disperse)
Press: ? - help, Q - select action Shift-Dir - straight line, f - quokka You throw a boomerang of dispersal.
The boomerang of dispersal hits the quokka.
The quokka blinks!
The quokka is almost dead.
You closely miss the quokka.
The quokka is almost dead.
The quokka closely misses you.
You hit the quokka but do no damage. You claw the quokka.
You kill the quokka!
Found 4 poisoned darts.
Found a faded altar of an unknown god.
A dart slug comes into view.
You enter the shallow water.
Moving in this stuff is going to be slow.
You see here a gold piece.
The dart slug bites you but does no damage.
You hit the dart slug.
You peck the dart slug, but do no damage.
The dart slug is heavily wounded.
Your unstable footing causes you to fumble your attack.
The dart slug launches a dart at you. The slug dart hits you.
You hit the dart slug but do no damage.
The dart slug is heavily wounded.
The dart slug launches a dart at you. The slug dart hits you.
Your unstable footing causes you to fumble your attack.
The dart slug launches a dart at you. The slug dart hits you.
You die...

## .. #. ##.#
#...#########
#...........#
#..$~~.(###.# ##.$_$..#
#.# #.~@~.####.########
#..w...............#
......#.####.###...##.##
..##.#.## #.....%.....#
. #.## #####...##..# #
##.###..# #.# #..# #.#
#..# #.# #..#


You could see a dart slug.

Vanquished Creatures
  An endoplasm (D:1)
  A quokka (D:1)
  A bat (D:1)
  A frilled lizard (D:1)
  A kobold (D:1)
5 creatures vanquished.

Notes
Turn   | Place    | Note
-------+----------+-------------------------------------------
     0 | D:1      | qw the Tengu Warper began the quest for the Orb.
     0 | D:1      | Reached XP level 1. HP: 12/12 MP: 4/4
     0 | D:1      | 0 ||| qw: Version: 0.1-a-89-g26bdef1
     0 | D:1      | 0 ||| qw: Game counter: 856
     0 | D:1      | 0 ||| qw: Always use a shield: true
     0 | D:1      | 0 ||| qw: God list: Okawaru
     0 | D:1      | 0 ||| qw: Allow faded altars: false
     0 | D:1      | 0 ||| qw: Do Orc after D:15 true
     0 | D:1      | 0 ||| qw: Do second Lair branch before Depths: true
     0 | D:1      | 0 ||| qw: Lair rune preference: random
     0 | D:1      | 0 ||| qw: Plans: Normal
     0 | D:1      | 0 ||| PLANNING D:1-11
   182 | D:1      | Found a faded altar of an unknown god.
   192 | D:1      | HP: 3/12 [dart slug/slug dart (4)]
   193 | D:1      | Killed from afar by a dart slug

Levels and vault maps discovered:
D:1:      lordsloth_arrival_two_stooges, layout_loops_ring,
          hellmonk_ecumenical_altar_pennies_from_heaven, minmay_pentomino_o4

Action                   || total
-------------------------++-------
Melee: Hand axe          ||    14
       Peck              ||     4
       Kick              ||     2
Throw: Boomerang         ||     6
Armor: Leather armour    ||     2
Dodge: Dodged            ||     5

Table legend:
 A = Non-vault XP
 B = Vault XP
 C = Vault XP percentage of total XP
 D = Non-vault monster count
 E = Vault monster count
 F = Vault count percentage of total count
                 A         B        C        D         E       F
            +---------+---------+-------+---------+---------+-------
      Total |       7 |       0 |   0.0 |       5 |       0 |   0.0
            +---------+---------+-------+---------+---------+-------
        D:1 |       7 |       0 |   0.0 |       5 |       0 |   0.0
            +---------+---------+-------+---------+---------+-------
